 Seeded DCSS version 0.30-a0-948-g4fa250aae5 (webtiles) character file.

Game seed: 20230326 (custom seed)

1130 a11behringer the Slasher (level 8, -2/58 HPs)
             Began as a Djinni Gladiator on Mar 27, 2023.
             Slain by a scorpion (3 damage)
             ... on level 6 of the Dungeon.
             The game lasted 00:11:51 (4817 turns).

a11behringer the Slasher (Djinni Gladiator)         Turns: 4817, Time: 00:11:52

Health: -2/58      AC: -4    Str: 13    XL:     8   Next: 62%
Gold:   337        EV: 12    Int: 11    God:
                   SH:  4    Dex: 16

rFire   + + .      SeeInvis .    s - +0 long sword
rCold   x . .      Faith    .    h - +0 buckler
rNeg    . . .      Spirit   .    j - +0 swamp dragon scales
rPois   ∞          Reflect  .    c - +0 helmet
rElec   .          Rampage  .    (no cloak)
rCorr   .                        v - +1 pair of gloves
Will    .....                    (boots unavailable)
Stlth   +                        (no amulet)
HPRegen 0.29/turn                (no ring)
MPRegen 0.00/turn                (no ring)

@: corroded, flying
A: sickness immunity, fire resistance 2, cold vulnerability 1, float, innate
caster, HP casting, extra vitality 1
a: no special abilities


You were on level 6 of the Dungeon.
You visited 1 branch of the dungeon, and saw 6 of its levels.

You collected 337 gold pieces.

Inventory:

Hand Weapons
 a - a +0 long sword
 s - a +0 long sword (weapon)
 F - a +0 short sword of venom
Missiles
 d - 3 throwing nets (quivered)
 e - a javelin
 u - 2 poisoned darts
Armour
 b - a +0 leather armour
 c - a +0 helmet (worn)
 f - a +0 pair of gloves
 h - a +0 buckler (worn)
 j - +0 swamp dragon scales (worn)
 v - a +1 pair of gloves (worn)
Jewellery
 x - a +5 ring of evasion
Wands
 t - a wand of light (7)
 y - a wand of mindburst (6)
Scrolls
 g - 2 scrolls of immolation {unknown}
 l - 3 scrolls of enchant armour {unknown}
 n - 6 scrolls of teleportation {unknown}
 o - 3 scrolls of identify {unknown}
 p - 2 scrolls of fear {unknown}
 q - a scroll of magic mapping {unknown}
 r - 2 scrolls of vulnerability {unknown}
 w - a scroll of noise {unknown}
 A - a scroll of brand weapon {unknown}
 B - 2 scrolls of silence {unknown}
 E - a scroll of torment {unknown}
Potions
 i - 4 potions of brilliance {unknown}
 k - a potion of curing {unknown}
 m - 3 potions of haste {unknown}
 z - a potion of flight {unknown}
 C - 2 potions of might {unknown}
 D - a potion of lignification {unknown}
 G - a potion of degeneration {unknown}


   Skills:
 + Level 4.2 Fighting
 * Level 5.9 Long Blades
 - Level 1.9 Throwing
 + Level 3.4 Armour
 + Level 5.2 Dodging
 - Level 1.3 Shields
 + Level 2.4 Spellcasting


You knew the following spells:

 Your Spells              Type           Power      Damage    Failure   Level
a - Foxfire               Conj/Fire      24%        2x1d5     28%         1
b - Searing Ray           Conj           12%        2d4       41%         2
c - Summon Guardian Gole  Hex/Summ       6%         N/A       65%         3
Your spell library was empty.

Dungeon Overview and Level Annotations

Branches:
Dungeon (6/15)
 Temple: D:4-7

Altars:
Cheibriados
Makhleb
Nemelex Xobeh
Okawaru
Trog

Shops:
D:4 *[?   D:5 [

Annotations:
D:5 3 runed translucent doors, Darkkill's ghost, amateur MiHu; FexLirch's ghost, novice HORe; NagohShan's ghost, amateur DENe; dracfodder's ghost, amateur FoHs; kaliiiiii's ghost, novice MiBe


Innate Abilities, Weirdness & Mutations

You are immune to sickness and miasma.
You are immune to poison.
Your flesh is very heat resistant. (rF++)
You are vulnerable to cold. (rC-)
You float through the air rather than walking.
You learn spells naturally, not from books.
Your magical power is your life essence.
You have superior vitality. (+4 MHP)


Message History

You slash the jelly!
Your hands burn!
The jelly is severely wounded.
The scorpion stings you. The jelly barely misses you.
You block the scorpion's attack.
You hit the jelly.
Your hands burn!
The jelly is almost dead.
The orc closely misses you. You block the jelly's attack.
The scorpion stings you but does no damage.
The jelly barely misses you. The orc closely misses you.
You hit the jelly but do no damage. The acid corrodes you!
Your hands burn!
The jelly is almost dead.
The scorpion stings you but does no damage.
The orc hits you with a +0 dagger. The jelly hits you. The acid corrodes you!
You are splashed with acid.
You are too injured to fight recklessly!
You are too injured to fight recklessly!
The jelly attacks as you move away! The jelly hits you. The acid corrodes you!
You are splashed with acid!
* * * LOW HITPOINT WARNING * * *
The scorpion barely misses you. x2
You are too injured to fight recklessly!
You are too injured to fight recklessly!
You are too injured to fight recklessly!
You are too injured to fight recklessly!
You are too injured to fight recklessly!
You are too injured to fight recklessly!
The scorpion attacks as you move away! The scorpion barely misses you.
Aiming: Mindburst
Press: ? - help, Q - select action, (/) - cycle Shift-Dir - straight line, f - scorpion
Aim: a scorpion (chance to affect: 64%)
The scorpion struggles to resist.
The scorpion stings you.
* * * LOW HITPOINT WARNING * * *
You barely miss the scorpion. The scorpion closely misses you.
The scorpion barely misses you.
You hit the scorpion but do no damage. The scorpion barely misses you.
You barely miss the scorpion. The scorpion stings you.
* * * LOW HITPOINT WARNING * * *
The scorpion stings you.
You die...

. .# .# ####.#
#...
.#########.##
.......@soJ.#
##########..###
.....$J.<..#
#..........#
.######....#
#....# #....#
#....# #.#$.#


You could see a scorpion, a jelly and an orc.

Vanquished Creatures
  Grinder (D:5)
  Menkaure (D:5)
  A black bear (D:5)
  A phantom (D:5)
  3 scorpions
  4 hounds (D:5)
  2 iguanas (D:5)
  3 orc wizards
  3 gnolls (D:3)
  8 adders
  An ufetubus (D:5)
  A worm (D:4)
  3 dart slugs
  15 orcs
  14 ball pythons
  3 bats (D:1)
  6 endoplasms
  4 giant cockroaches
  4 goblins
  7 hobgoblins
  8 jackals
  4 kobolds
  2 quokkas (D:3)
  6 frilled lizards
  6 rats
111 creatures vanquished.

Notes
Turn   | Place    | Note
-------+----------+-------------------------------------------
     0 | D:1      | a11behringer the Djinni Gladiator began the quest for the
                  | Orb.
     0 | D:1      | Reached XP level 1. HP: 18/18 MP: 0/0
   138 | D:1      | Reached XP level 2. HP: 23/23 MP: 0/0
   275 | D:1      | Reached XP level 3. HP: 25/28 MP: 0/0
   275 | D:1      | Learned a level 1 spell: Foxfire
  1055 | D:2      | Reached XP level 4. HP: 34/34 MP: 0/0
  2120 | D:3      | Found a bloodstained altar of Trog.
  2163 | D:3      | Found a faded altar of an unknown god.
  2171 | D:3      | Reached skill level 1 in Armour
  2192 | D:3      | Noticed a scorpion
  2207 | D:3      | Killed a scorpion
  2208 | D:3      | Reached skill level 1 in Shields
  2208 | D:3      | Reached XP level 5. HP: 33/39 MP: 0/0
  2208 | D:3      | Learned a level 2 spell: Searing Ray
  2243 | D:3      | Found a snail-covered altar of Cheibriados.
  2628 | D:3      | Reached XP level 6. HP: 45/45 MP: 0/0
  2671 | D:3      | Found a burning altar of Makhleb.
  2868 | D:4      | Found Zocaoth's Antique Armour Shoppe.
  2927 | D:4      | Found Acalause's Magic Scroll Boutique.
  2980 | D:4      | Reached skill level 1 in Spellcasting
  2989 | D:4      | Found an iron altar of Okawaru.
  3024 | D:4      | Found Utoet's General Store.
  3055 | D:4      | You are sucked into a shaft and drop 1 floor!
  3055 | D:5      | Entered Level 5 of the Dungeon
  3247 | D:5      | Reached XP level 7. HP: 46/50 MP: 0/0
  3247 | D:5      | Learned a level 3 spell: Summon Guardian Golem
  3491 | D:4      | Found a sparkling altar of Nemelex Xobeh.
  3648 | D:5      | Noticed Menkaure
  3658 | D:5      | Killed Menkaure
  3659 | D:5      | Reached skill level 5 in Long Blades
  3872 | D:5      | Reached XP level 8. HP: 41/58 MP: 0/0
  4014 | D:5      | Found a runed translucent gate.
  4014 | D:5      | Found a runed translucent gate.
  4014 | D:5      | Found a runed translucent gate.
  4014 | D:5      | Noticed kaliiiiii's ghost (novice MiBe)
  4015 | D:5      | Noticed Darkkill's ghost (amateur MiHu)
  4015 | D:5      | Noticed FexLirch's ghost (novice HORe)
  4015 | D:5      | Noticed dracfodder's ghost (amateur FoHs)
  4015 | D:5      | Noticed NagohShan's ghost (amateur DENe)
  4109 | D:5      | Noticed Grinder
  4126 | D:5      | Paralysed by Grinder for 4 turns
  4133 | D:5      | Killed Grinder
  4134 | D:5      | Reached skill level 5 in Dodging
  4369 | D:5      | Found Piseciq's Armour Boutique.
  4817 | D:6      | HP: 1/58 [scorpion (5)]
  4817 | D:6      | Slain by a scorpion

Illustrated notes

Levels and vault maps discovered:
D:1:      matt_arrival_spirals, layout_basic, minmay_bisected
D:2:      minmay_chambers_of_twos, layout_basic
D:3:      layout_basic, lemuel_doored_altar,
          mainiacjoe_overflow_six_doors_small, old_standard_altar,
          basic_ecumenical_altar
D:4:      layout_cave_pools, okawaru_metal_pillars_3,
          mainiacjoe_overflow_alcove_1, kennysheep_mini_moat, serial_shops,
          nicolae_lakefront_shop, nicolae_lakefront_shop, shop
D:5:      layout_basic, mainiacjoe_overflow_chevrons, gammafunk_ghost_cemetery,
          kennysheep_windowed_goal, uniq_menkaure, uniq_grinder
D:6:      layout_loops_ring, nicolae_sif_muna_little_library,
          minmay_temple_entry_crystal_x

Skill      XL: |  1  2  3  4  5  6  7  8 |
---------------+-------------------------+-----
Long Blades    | 3 4 5 |  5.9
Armour         | 1 2 3 |  3.4
Shields        | 1 |  1.3
Dodging        | 4 5 |  5.2
Spellcasting   | 1 2 |  2.4
Fighting       | 3 4 |  4.2
Throwing       | |  1.9

Action                     |  1- 3 |  4- 6 |  7- 9 || total
---------------------------+-------+-------+-------++-------
  Melee: Long sword        |    91 |   194 |   165 ||   450
         Punch             |       |     2 |       ||     2
  Evoke: Wand              |       |       |     3 ||     3
 Armour: Leather armour    |    36 |       |       ||    36
         Swamp dragon scal |    19 |    93 |    75 ||   187
  Dodge: Dodged            |    92 |   145 |   109 ||   346
  Block: Buckler           |       |    29 |    29 ||    58

Table legend: (Time is in decaauts)
 A = Elapsed time spent in this place.
 B = Non-inter-level travel time spent in this place.
 C = Inter-level travel time spent in this place.
 D = Time resting spent in this place.
 E = Time spent auto-exploring this place.
 F = Levels seen in this place.
 G = Mean time per level.
                   A        B        C        D        E       F      G
               +--------+--------+--------+--------+--------+-----+--------+
         Total |   4915 |   4645 |    270 |      0 |   3702 |   6 |  819.2 |
       Dungeon |   4915 |   4645 |    270 |      0 |   3702 |   6 |  819.2 |
               +--------+--------+--------+--------+--------+-----+--------+

Top non-repeatable levels by time:
     D:5: 1452 daAuts
     D:2: 1258 daAuts
     D:1: 836 daAuts
     D:3: 828 daAuts
     D:4: 523 daAuts
     D:6: 16 daAuts
